 Dungeon Crawl Stone Soup version 0.31-a0-435-g2c6fae2916 (webtiles) character file.

Game seed: 6850225651163480983

167 Ethylacetat the Insei (level 5, -2/29 HPs)
             Began as a Vine Stalker Monk on Aug 1, 2023.
             Splashed by a jelly's acid (7 damage)
             ... on level 3 of the Dungeon.
             The game lasted 00:04:08 (2446 turns).

Ethylacetat the Insei (Vine Stalker Monk)           Turns: 2446, Time: 00:04:10

Health: -2/29      AC: -6    Str: 13    XL:     5   Next: 48%
Magic:  0/7        EV: 13    Int: 10    God:
Gold:   115        SH:  0    Dex: 19    Spells: 6/6 levels left

rFire   + .          .
                       - Unarmed
rCold   . . .        c - orb {light}
rNeg    . . .        a - +0 robe
rPois   .            (no helmet)
rElec   .            (no cloak)
rCorr   .            (no gloves)
SInv    .            (no boots)
Will    .....        k - amulet of magic regeneration
Stlth   +            l - ring of protection from fire
HPRegen 1.04/turn    (no ring)
MPRegen 0.50/turn

%: guardian spirit
@: corroded, glowing
A: fangs 2, regeneration 1, magic shield, antimagic bite, no potion heal 2
a: no special abilities


You were on level 3 of the Dungeon.
You visited 1 branch of the dungeon, and saw 3 of its levels.

You collected 115 gold pieces.

Inventory:

Missiles
 h - 5 curare-tipped darts
Armour
 a - a +0 robe (worn)
 c - an orb of light (worn)
 m - a +0 buckler
Jewellery
 k - an amulet of magic regeneration (around neck)
 l - a ring of protection from fire (left hand)
Scrolls
 e - 2 scrolls of identify {unknown}
 f - a scroll of noise {unknown}
 i - a scroll of revelation {unknown}
 o - a scroll of immolation {unknown}
 p - 2 scrolls of vulnerability {unknown}
 q - a scroll of fog {unknown}
Potions
 b - a potion of ambrosia
 d - a potion of mutation {unknown}
 g - 4 potions of heal wounds {unknown}
 j - 2 potions of enlightenment {unknown}
 n - 2 potions of degeneration {unknown}


   Skills:
 * Level 3.9 Fighting
 - Level 3.0 Dodging
 * Level 4.2 Unarmed Combat
 + Level 1.1 Spellcasting


You had 6 spell levels left.
You didn't know any spells.
Your spell library contained the following spells:

 Spells                   Type           Power      Damage    Failure   Level
 Apportation              Tloc           0%         N/A       34%         1
 Necrotise                Necr           0%         1d4       34%         1
 Summon Small Mammal      Summ           0%         N/A       34%         1


Dungeon Overview and Level Annotations

Branches:
Dungeon (3/15)

Altars:

Shops:
D:1 =


Innate Abilities, Weirdness & Mutations

You have extremely sharp teeth.
Your natural rate of healing is unusually fast.
When hurt, damage is shared between your health and your magic reserves.
Your bite disrupts and absorbs the magic of your enemies.
Potions cannot restore your health.


Message History

The endoplasm is almost dead.
The endoplasm hits you but does no damage.
You hit the endoplasm.
You kill the endoplasm!
You hit the endoplasm. You bite the endoplasm.
You kill the endoplasm!
You hit the endoplasm.
The endoplasm is heavily wounded.
The endoplasm freezes you.
You are frozen.
You hit the endoplasm.
You kill the endoplasm!
You punch the jelly!
Your hands burn!
You bite the jelly. You drain its power.
You feel invigorated.
The jelly is severely wounded.
The jelly hits you. The acid corrodes you!
You are splashed with acid!
Unknown command.
You hit the jelly.
You kill the jelly!
You hit the endoplasm but do no damage.
You bite the endoplasm, but do no damage.
The endoplasm barely misses you.
You see here a +0 short sword.
There is an open door here.
You are no longer corroded.
You hit the jelly. The acid corrodes you!
Your hands burn!
The jelly is moderately wounded.
The jelly hits you. The acid corrodes you!
You are splashed with acid!
Unknown command.
You punch the jelly!
Your hands burn!
The jelly is almost dead.
The jelly hits you.
You are splashed with acid!
You hit the jelly but do no damage.
Your hands burn!
* * * LOW HITPOINT WARNING * * *
You bite the jelly. You drain its power.
You feel invigorated.
The jelly is almost dead.
The jelly hits you.
* * * LOW HITPOINT WARNING * * *
You are splashed with acid!
You die...

#.# #...........#....####.# #.
##'###########.....####.#....#
#. .......#
##..#.....##.#.####.#.
.......#
#..###'''###........#.
.......#
#.####..)#####.######†
##.##### #.###.))).##
#.#....#. ##.######
#.##.......# #.#.##.#.
........# #.##.......#
#.#.##.#. ##.####.#
##.##.@J....# #.#.##.#. ##.#
.# #..##..J....# #.#.##.#.
...# .# #.###....####
#.#.##.## #..####.# #.#
#....'..###.#.##... #.......#
#.# ########.##.#.#####
##.###..# #.#
##.J.J..###.#...#.. ........#
#.# #'####### #.###.#.#
..####.####.##..JP.PJP. #.#
#.#.# ..#.........##...P.P÷J.
#.# #.#.#


You could see a jelly and an endoplasm.

Vanquished Creatures
  A jelly (D:3)
  4 gnolls (D:2)
  2 adders
  An ufetubus (D:2)
  2 worms (D:3)
  A dart slug (D:3)
  2 orcs (D:3)
  3 ball pythons
  10 endoplasms
  2 giant cockroaches (D:3)
  4 goblins
  A hobgoblin (D:3)
  4 jackals (D:3)
  11 kobolds
  7 quokkas
  5 bats
  A rat (D:1)
61 creatures vanquished.

Notes
Turn   | Place    | Note
-------+----------+-------------------------------------------
     0 | D:1      | Ethylacetat the Vine Stalker Monk began the quest for the
                  | Orb.
     0 | D:1      | Reached XP level 1. HP: 11/11 MP: 2/2
   137 | D:1      | Found Zoimel's Jewellery Shop.
   167 | D:1      | Reached XP level 2. HP: 16/16 MP: 3/3
   837 | D:2      | Reached XP level 3. HP: 7/20 MP: 2/4
  1274 | D:2      | HP: 1/20 [gnoll/+0 club (4)]
  1291 | D:2      | HP: 1/20 [quokka (2)]
  1300 | D:2      | Gained mutation: Your natural rate of healing is unusually
                  | fast. [Vine Stalker growth]
  1300 | D:2      | Reached XP level 4. HP: 4/24 MP: 5/5
  1882 | D:3      | Reached skill level 4 in Unarmed Combat
  1988 | D:3      | Reached XP level 5. HP: 18/29 MP: 4/6
  2420 | D:3      | Reached skill level 1 in Spellcasting
  2446 | D:3      | Splashed by a jelly's acid

Illustrated notes

Levels and vault maps discovered:
D:1:      dreamdust_arrival_beginning_and_end, layout_basic, serial_shops,
          nicolae_shop_hallway_plus
D:2:      layout_loops_cross
D:3:      cheibrodos_fertilizer, layout_basic, minmay_misc_feat_enclosed,
          st_stairs_3, item_on_display_a

Skill      XL: |  1  2  3  4  5 |
---------------+----------------+-----
Fighting       | 3 |  3.9
Dodging        | 3 |  3.0
Unarmed Combat | 4 |  4.2
Spellcasting   | 1 |  1.1

Action                     |  1- 3 |  4- 6 || total
---------------------------+-------+-------++-------
  Melee: Unarmed           |    70 |    87 ||   157
         Bite              |    24 |    35 ||    59
   Stab: Distracted        |       |     1 ||     1
 Armour: Robe              |     9 |    10 ||    19
  Dodge: Dodged            |    48 |    48 ||    96
  Block: Buckler           |     3 |       ||     3

Table legend: (Time is in decaauts)
 A = Elapsed time spent in this place.
 B = Non-inter-level travel time spent in this place.
 C = Inter-level travel time spent in this place.
 D = Time resting spent in this place.
 E = Time spent auto-exploring this place.
 F = Levels seen in this place.
 G = Mean time per level.
                   A        B        C        D        E       F      G
               +--------+--------+--------+--------+--------+-----+--------+
         Total |   2436 |   2418 |     18 |    100 |   1963 |   3 |  812.0 |
       Dungeon |   2436 |   2418 |     18 |    100 |   1963 |   3 |  812.0 |
               +--------+--------+--------+--------+--------+-----+--------+

Top non-repeatable levels by time:
     D:3: 838 daAuts
     D:2: 818 daAuts
     D:1: 779 daAuts
